 Dungeon Crawl Stone Soup version 0.31-a0-430-gf8416d752b (webtiles) character file.

Game seed: 5726909758768951672

752 Ethylacetat the Changeling (level 7, 0/37 HPs)
             Began as a Vine Stalker Shapeshifter on July 31, 2023.
             Was an Initiate of Gozag.
             Succumbed to a water moccasin's poison
             ... on level 5 of the Dungeon.
             The game lasted 00:05:04 (3455 turns).

Ethylacetat the Changeling (VSSh)                   Turns: 3455, Time: 00:05:05

Health: 0/37       AC:  2    Str: 17    XL:     7   Next: 78%
Magic:  8/8        EV: 12    Int:  8    God:    Gozag
Gold:   148        SH:  4    Dex: 17    Spells: 6/6 levels left

rFire   . .          .
                       - Unarmed
rCold   . . .        s - +0 buckler
rNeg    + . .        a - +0 animal skin
rPois   .            (helmet currently unavailable)
rElec   .            (cloak currently unavailable)
rCorr   +            (gloves currently unavailable)
SInv    .            (boots currently unavailable)
Will    +....        t - amulet of magic regeneration
Stlth   ++           m - ring of resist corrosion
HPRegen 1.06/turn    n - ring of positive energy
MPRegen 0.51/turn

%: guardian spirit
@: brilliant, lethally poisoned (0 -> -5), beast-form, attractive, enlightened,
flying, hasted, very quick
A: beast (slay +4), fangs 2, regeneration 1, magic shield, antimagic bite, no
potion heal 2
a: Begin Untransformation, Renounce Religion, Potion Petition, Call Merchant,
Bribe Branch


You were on level 5 of the Dungeon.
You worshipped Gozag.
Gozag was aware of your devotion.
You were a hulking beast.
You visited 2 branches of the dungeon, and saw 6 of its levels.

You collected 211 gold pieces.
You paid 63 gold pieces to Gozag.

Inventory:

Missiles
 q - a throwing net
Armour
 a - a +0 animal skin (worn)
 s - a +0 buckler (worn)
Jewellery
 m - a ring of resist corrosion (left hand)
 n - a ring of positive energy (right hand)
 t - an amulet of magic regeneration (around neck)
Talismans
 c - a beast talisman (active)
Wands
 r - a wand of paralysis (13)
Scrolls
 e - a scroll of revelation {unknown}
 g - 2 scrolls of blinking {unknown}
 h - 5 scrolls of teleportation {unknown}
 j - a scroll of immolation {unknown}
 k - a scroll of silence {unknown}
 l - a scroll of enchant weapon {unknown}
 o - 4 scrolls of identify {unknown}
 p - a scroll of vulnerability {unknown}
 v - a scroll of noise {unknown}
Potions
 b - 2 potions of lignification
 f - a potion of haste
 i - a potion of enlightenment


   Skills:
 + Level 3.6 Fighting
 - Level 1.7 Dodging
 + Level 5.1 Unarmed Combat
 * Level 5.7 Shapeshifting


You had 6 spell levels left.
You didn't know any spells.
Your spell library contained the following spells:

 Spells                   Type           Power      Damage    Failure   Level
 Apportation              Tloc           0%         N/A       50%         1
 Lesser Beckoning         Tloc           0%         N/A       65%         2
 Static Discharge         Conj/Air       0%         2-2/arc   65%         2
 Gell's Gravitas          Tloc           0%         N/A       86%         3
 Teleport Other           Tloc           0%         N/A       86%         3
 Vhi's Electric Charge    Tloc/Air       0%         N/A       86%         3
 Airstrike                Air            0%         2d(0-16)  99%         4
 Summon Lightning Spire   Summ/Air       0%         N/A       99%         4
 Alistair's Intoxication  Tmut/Pois      0%         N/A       100%        5
 Arcjolt                  Conj/Air       0%         1d10      100%        5
 Plasma Beam              Fire/Air       0%         2x1d10    100%        6


Dungeon Overview and Level Annotations

Branches:
Dungeon (5/15)             Temple (1/1) D:5

Altars:
Dithmenos
Elyvilon
Fedhas
Gozag
Makhleb
Nemelex Xobeh
Ru
Uskayaw
Wu Jian
Zin

Shops:
D:4 (


Innate Abilities, Weirdness & Mutations

You are a hulking beast.
Your limbs bulge with bestial killing power. (Slay +4)
You have extremely sharp teeth.
Your natural rate of healing is unusually fast.
When hurt, damage is shared between your health and your magic reserves.
Your bite disrupts and absorbs the magic of your enemies.
Potions cannot restore your health.


Message History

You feel very sick. The water moccasin bites you.
You are more poisoned.
The water moccasin poisons you!
You hit the water moccasin but do no damage.
You bite the water moccasin. You drain its power.
You feel invigorated.
The water moccasin is severely wounded.
You feel very sick. You block the water moccasin's attack.
You barely miss the water moccasin. You bite the water moccasin.
You drain its power.
The water moccasin is severely wounded.
You feel very sick. You block the water moccasin's attack.
The water moccasin bites you.
You are lethally poisoned!
The water moccasin poisons you!
It was a potion of brilliance.
You feel clever all of a sudden.
* * * LOW HITPOINT WARNING * * *
You feel very sick. The water moccasin misses you.
It was a potion of haste.
You feel yourself speed up.
* * * LOW HITPOINT WARNING * * *
You feel very sick. The water moccasin closely misses you.
It was a potion of enlightenment.
You feel very buoyant.
You fly up into the air.
* * * LOW HITPOINT WARNING * * *
You feel very sick.
The water moccasin bites you but does no damage.
It was a potion of attraction.
You feel attractive to monsters.
* * * LOW HITPOINT WARNING * * *
You feel sick. The water moccasin bites you.
* * * LOW HITPOINT WARNING * * *
You closely miss the water moccasin.
The water moccasin is severely wounded.
You die...
Your body crumbles into a pile of gold.

#.#####§. #.# ##§.. #.###§§§§ ##
### #.##..§§§ #.. #.# ##....§§§.
#...## #.# ####........§ ####
....##.# #.#.......§.§ ##...
#.S<.###......#..§.§ #..#
#h...#......##§§.. #.#
##.....P.P..###§.. #.#
##..##..>...####.. #####.###
######..##..P.P...###..
.....^..###.....................#
............[...................#
........#...................#####
.........................####
........#.............)..#


You could see a water moccasin.

Vanquished Creatures
  Sigmund (D:4)
  A black bear (D:5)
  2 centaurs (D:5)
  A jelly (D:4)
  A hound (D:5)
  An orc priest (D:3)
  Terence (D:2)
  2 iguanas
  Ijyb (D:3)
  3 adders
  A shadow imp (D:4)
  A white imp (D:3)
  3 worms
  2 dart slugs
  9 orcs
  4 endoplasms
  A giant cockroach (D:2)
  9 goblins
  8 hobgoblins
  5 jackals
  2 quokkas
  6 ball pythons
  6 bats
  5 frilled lizards
  11 kobolds
  3 rats
90 creatures vanquished.

Vanquished Creatures (others)
  An iguana (D:5)
1 creature vanquished.

Grand Total: 91 creatures vanquished

Notes
Turn   | Place    | Note
-------+----------+-------------------------------------------
     0 | D:1      | Ethylacetat the Vine Stalker Shapeshifter began the quest
                  | for the Orb.
     0 | D:1      | Reached XP level 1. HP: 9/9 MP: 2/2
    98 | D:1      | Reached skill level 1 in Fighting
   194 | D:1      | Found a faded altar of an unknown god.
   399 | D:1      | Reached XP level 2. HP: 14/14 MP: 3/3
   908 | D:2      | Reached XP level 3. HP: 17/18 MP: 4/4
   999 | D:2      | Noticed Terence
  1011 | D:2      | Killed Terence
  1171 | D:2      | Gained mutation: Your natural rate of healing is unusually
                  | fast. [Vine Stalker growth]
  1171 | D:2      | Reached XP level 4. HP: 23/23 MP: 5/5
  1900 | D:3      | Noticed a +0 hand axe
  1900 | D:3      | Noticed a +0 hand axe
  1922 | D:3      | Found a hide-covered altar of Uskayaw.
  2116 | D:3      | Reached XP level 5. HP: 24/26 MP: 6/6
  2149 | D:3      | Found a burning altar of Makhleb.
  2195 | D:3      | Noticed Ijyb
  2197 | D:3      | Found a white marble altar of Elyvilon.
  2198 | D:3      | Paralysed by Ijyb for 4 turns
  2220 | D:3      | Killed Ijyb
  2719 | D:4      | Found Suedar's Antique Weapon Shop.
  2888 | D:4      | Noticed Sigmund
  2898 | D:4      | Killed Sigmund
  2899 | D:4      | Reached XP level 6. HP: 30/32 MP: 5/7
  2943 | D:4      | Reached skill level 5 in Shapeshifting
  3143 | D:5      | Entered Level 5 of the Dungeon
  3185 | D:5      | Noticed a black bear
  3186 | D:5      | Reached XP level 7. HP: 9/36 MP: 4/8
  3260 | D:5      | Found a staircase to the Ecumenical Temple.
  3266 | D:5      | Reached skill level 5 in Unarmed Combat
  3273 | Temple   | Entered the Ecumenical Temple
  3282 | Temple   | Became a worshipper of Gozag Ym Sagoz the Greedy
  3295 | D:5      | Found a shadowy altar of Dithmenos.
  3455 | D:5      | Succumbed to a water moccasin's poison

Illustrated notes

Levels and vault maps discovered:
D:1:      scummos_arrival_forest, layout_basic,
          shapermc_ecumenical_altar_totnotflames, st_stairs_11,
          minmay_misc_feat_columns
D:2:      layout_basic, hangedman_decor_riveting, uniq_terence
D:3:      layout_basic, dancing_weapons_uskayaw, bloody_makhleb,
          elyvilon_altar_5, uniq_ijyb
D:4:      layout_gridville, serial_shops, nicolae_shop_advertising_works
          [nicolae_subvault_shop_adworks], kennysheep_windowed_goal,
          uniq_sigmund
D:5:      minmay_diamond_boxcup, layout_rooms, tso_oasis_becter,
          nicolae_dithmenos_the_darkroom, minmay_temple_entry_trees,
          hellmonk_no_cap
Temple:   hellmonk_temple_flake

Skill      XL: |  1  2  3  4  5  6  7 |
---------------+----------------------+-----
Fighting       | 1 2 3 |  3.6
Shapeshifting  | 4 5 |  5.7
Unarmed Combat | 4 5 |  5.1
Dodging        | |  1.7

Action                     |  1- 3 |  4- 6 |  7- 9 || total
---------------------------+-------+-------+-------++-------
  Melee: Unarmed           |    58 |   142 |    32 ||   232
         Punch             |     1 |       |       ||     1
         Bite              |    12 |    42 |    13 ||    67
    Use: Potion            |       |       |     4 ||     4
   Stab: Sleeping          |     4 |     5 |       ||     9
 Armour: Animal skin       |     7 |    20 |     4 ||    31
  Dodge: Dodged            |    31 |    78 |    23 ||   132
  Block: Buckler           |       |    10 |     9 ||    19

Table legend: (Time is in decaauts)
 A = Elapsed time spent in this place.
 B = Non-inter-level travel time spent in this place.
 C = Inter-level travel time spent in this place.
 D = Time resting spent in this place.
 E = Time spent auto-exploring this place.
 F = Levels seen in this place.
 G = Mean time per level.
                   A        B        C        D        E       F      G
               +--------+--------+--------+--------+--------+-----+--------+
         Total |   3445 |   3203 |    242 |     77 |   2532 |   6 |  574.2 |
       Dungeon |   3426 |   3192 |    234 |     77 |   2532 |   5 |  685.2 |
        Temple |     18 |     10 |      8 |      0 |      0 |   1 |   18.0 |
               +--------+--------+--------+--------+--------+-----+--------+

Top non-repeatable levels by time:
     D:2: 996 daAuts
     D:1: 840 daAuts
     D:3: 784 daAuts
     D:4: 598 daAuts
     D:5: 206 daAuts
  Temple: 18 daAuts
